 Dungeon Crawl Stone Soup version 0.18-a0-19-g8b99b3a (webtiles) character file.

340 Nopony the Magician (level 6, -5/32 HPs)
             Began as a Deep Elf Wizard on Oct 31, 2015.
             Killed from afar by Natasha (6 damage)
             ... with a magic dart
             ... on level 4 of the Dungeon on Nov 1, 2015.
             The game lasted 00:35:33 (3947 turns).

Nopony the Magician (Deep Elf Wizard)               Turns: 3947, Time: 00:35:33

Health: -5/32      AC:  5    Str:  4    XL:     6   Next: 30%
Magic:  2/17       EV: 13    Int: 25    God:
Gold:   68         SH:  0    Dex: 13    Spells: 5 memorised, 8 levels left

rFire  . . .     SeeInvis .     (no weapon)
rCold  . . .     Clarity  .     a - +0 robe
rNeg   . . .     SustAt   .     (no shield)
rPois  .         Gourm    .     q - +1 helmet
rElec  .         Spirit   .     (no cloak)
rCorr  .         Warding  .     r - +0 pair of gloves
rMut   .         Stasis   .     (no boots)
MR     .....                    (no amulet)
Stlth  ++........               (no ring)
                                (no ring)

@: not resistant to hostile enchantments, unstealthy
A: no striking features
a: no special abilities


You were on level 4 of the Dungeon.
You were not hungry.

You visited 1 branch of the dungeon, and saw 4 of its levels.

You collected 68 gold pieces.

Inventory:

Hand Weapons
 i - a +1 hunting sling
 k - a +0 scythe
 o - a +0 short sword
 u - a +0 flail
Missiles
 e - 73 stones (quivered)
 h - 55 bolts
 s - a javelin of penetration
Armour
 a - a +0 robe (worn)
 b - a +0 hat
 f - a +0 ring mail
 m - a +0 ring mail
 n - a +0 helmet
 p - a +0 animal skin
 q - a +1 helmet (worn)
 r - a +0 pair of gloves (worn)
 B - a +0 shield
 D - a +0 scale mail
 E - a +0 ring mail
Wands
 w - a wand of slowing (23)
 C - a wand of enslavement (11)
Scrolls
 l - a scroll of random uselessness
 t - 4 scrolls of teleportation
 y - a scroll of remove curse
Potions
 d - a potion of ambrosia
 g - a potion of heal wounds {unknown}
 j - 2 potions of flight {unknown}
 z - a potion of might {unknown}
Books
 c - a book of Minor Magic

   Spells                             Type                      Level
   a - Magic Dart                     Conjuration                  1
   b - Blink                          Translocation                2
   c - Call Imp                       Summoning                    2
   d - Repel Missiles                 Charms/Air                   2
   e - Slow                           Hexes                        2
   f - Conjure Flame                  Conjuration/Fire             3
   g - Mephitic Cloud                 Conjuration/Poison/Air       3
Comestibles
 v - a slice of pizza
 x - a royal jelly
 A - a bread ration


   Skills:
 + Level 2.8 Dodging
 + Level 2.8 Stealth
 + Level 6.6 Spellcasting
 * Level 2.9 Conjurations
 * Level 2.5 Hexes
 * Level 2.9 Summonings
 * Level 2.5 Translocations
 + Level 0.2 Poison Magic


You had 8 spell levels left.
You knew the following spells:

 Your Spells              Type           Power        Failure   Level  Hunger
a - Magic Dart            Conj           ###.         1%          1    None
b - Blink                 Tloc           N/A          4%          2    None
c - Call Imp              Summ           ###.....     3%          2    None
d - Slow                  Hex            ###.....     4%          2    None
e - Mephitic Cloud        Conj/Pois/Air  ##......     14%         3    None


Dungeon Overview and Level Annotations

Branches:
Dungeon (4/15)
 Temple: D:4-7

Altars:
Makhleb
Nemelex Xobeh

Annotations:
D:4 Natasha


Message History

You bump into the rock wall.
You feel less confused. The giant cockroach closely misses you.
Casting: Magic Dart
Confirm with . or Enter, or press ? or * to list all spells.
You blink.
Found a stone staircase leading down.
Casting: Blink
Confirm with . or Enter, or press ? or * to list all spells.
You blink.
Natasha mumbles some strange words.
Your crimson imp hits the iron imp but does no damage.
The iron imp summons a swarm of flies.
The white imp gestures at you. The puff of frost hits you!
* * * LOW HITPOINT WARNING * * *
The crimson imp blinks!
Natasha stares at you and mumbles some strange words.
The magic dart hits you!
You die...

.......#..##....%
.......#.........
.....5.#5....#... #
.....h.#.5......# .
.......#........' .#
....5..#.h§.....###.#
.......#..5.........#
#......#............#
#......##s##....@..#
...........#.......#
....†.<....#.......#
...........#...5...#
...........#.......#
.............#######
h.......###..#
.....[..........
..................


You could see an iron imp, Natasha, a crimson imp and a white imp.

Vanquished Creatures
  A hound (D:4)
  Robin (D:2)
  5 adders
  2 oozes (D:1)
  A giant gecko (D:1)
  3 orcs (D:4)
  3 bats
  3 giant cockroaches
  8 goblins
  8 hobgoblins
  5 giant newts
  3 jackals
  5 kobolds
  2 rats
50 creatures vanquished.

Vanquished Creatures (collateral kills)
  Sigmund (D:3)
  The ghost of PeterLawrence the Skirmisher, an amateur GrFi (D:4)
  A scorpion (D:4)
  A giant frog skeleton (D:4)
  Terence (D:3)
  Natasha (D:4)
  An orc (D:4)
  A giant cockroach (D:2)
  3 goblins (D:2)
  A hobgoblin (D:2)
  4 jackals
16 creatures vanquished.

Grand Total: 66 creatures vanquished

Notes
Turn   | Place    | Note
--------------------------------------------------------------
     0 | D:1      | Nopony the Deep Elf Wizard began the quest for the Orb.
     0 | D:1      | Reached XP level 1. HP: 10/10 MP: 7/7
   252 | D:1      | Reached skill level 5 in Spellcasting
   343 | D:1      | Reached XP level 2. HP: 15/15 MP: 7/10
   347 | D:1      | Learned a level 2 spell: Blink
   350 | D:1      | Learned a level 2 spell: Call Imp
  1713 | D:2      | Reached XP level 3. HP: 19/19 MP: 8/11
  1854 | D:2      | Learned a level 2 spell: Slow
  2074 | D:2      | Noticed Robin
  2111 | D:2      | Killed Robin
  2111 | D:2      | Reached skill level 1 in Hexes
  2258 | D:3      | Learned a level 3 spell: Mephitic Cloud
  2491 | D:3      | Noticed Sigmund
  2523 | D:3      | Reached XP level 4. HP: 15/24 MP: 6/13
  2657 | D:3      | Killed Sigmund
  2657 | D:3      | Reached XP level 5. HP: 28/28 MP: 4/15
  2860 | D:3      | Noticed Terence
  2898 | D:3      | Killed Terence
  2898 | D:3      | Reached skill level 6 in Spellcasting
  3442 | D:4      | Noticed Natasha
  3446 | D:4      | Killed Natasha
  3472 | D:4      | Noticed PeterLawrence's ghost (amateur GrFi)
  3492 | D:4      | Killed PeterLawrence's ghost
  3492 | D:4      | Reached XP level 6. HP: 32/32 MP: 10/17
  3541 | D:4      | Noticed Natasha
  3645 | D:4      | Found a burning altar of Makhleb.
  3657 | D:4      | Upgraded the game from 0.18-a0-5-gf1fb587 to 0.18-a0-19-g8b99b3a
  3726 | D:4      | Found a sparkling altar of Nemelex Xobeh.
  3946 | D:4      | HP: 1/32 [white imp/puff of frost[the player character] (8)]
  3947 | D:4      | Killed from afar by Natasha

Vault maps used:
D:1:      erik_arrival_gehennom
D:2:      grunt_gozag_breadcrumbs, uniq_robin
D:3:      first_bread, uniq_sigmund, uniq_terence
D:4:      nemelex_xobeh_ov_fountains_minmay, nicolae_overflow_crystal_walls,
          uniq_natasha

Action                   |  1- 3 |  4- 6 || total
-------------------------+-------+-------++-------
Melee: Unarmed           |     1 |       ||     1
 Cast: Magic Dart        |    99 |    50 ||   149
       Blink             |     8 |     3 ||    11
       Call Imp          |     8 |    14 ||    22
       Mephitic Cloud    |     2 |     4 ||     6
       Slow              |     1 |     5 ||     6
Evoke: Wand              |       |     2 ||     2
  Use: Scroll            |     6 |     1 ||     7
  Eat: Bread ration      |     1 |       ||     1
       Meat ration       |       |     1 ||     1
